 Dungeon Crawl Stone Soup version 0.30-a0-23-ge60ba3568b (webtiles) character file.

Game seed: 12478945603156625323

168 siradein the Shield-Bearer (level 5, -1/53 HPs)
             Began as a Troll Fighter on Aug 25, 2022.
             Slain by an orc priest
             ... wielding a +0 mace
              (3 damage)
             ... on level 3 of the Dungeon.
             The game lasted 00:02:33 (1576 turns).

siradein the Shield-Bearer (Troll Fighter)          Turns: 1576, Time: 00:02:34

Health: -1/53      AC:  4    Str: 24    XL:     5   Next: 23%
Magic:  4/4        EV:  8    Int:  4    God:
Gold:   108        SH:  8    Dex: 11    Spells: 4/4 levels left

rFire   . . .      SeeInvis .    a - +0 flail
rCold   . . .      Faith    .    c - +0 kite shield
rNeg    . . .      Spirit   .    b - +0 robe
rPois   .          Reflect  .    (helmet restricted)
rElec   .          Harm     .    (no cloak)
rCorr   .          Rampage  .    (gloves unavailable)
Will    .....                    (boots unavailable)
Stlth   +.........               (no amulet)
HPRegen 0.97/turn                (no ring)
MPRegen 0.09/turn                (no ring)

@: no status effects
A: large, unfitting armour, claws 3, regeneration 1, shaggy fur 1, tough skin 1
a: no special abilities


You were on level 3 of the Dungeon.
You visited 1 branch of the dungeon, and saw 3 of its levels.

You collected 108 gold pieces.

Inventory:

Hand Weapons
 a - a +0 flail (weapon)
Missiles
 e - 30 stones (quivered)
Armour
 b - a +0 robe (worn)
 c - a +0 kite shield (worn)
Scrolls
 f - a scroll of amnesia {unknown}
 g - a scroll of vulnerability {unknown}
 j - 3 scrolls of butterflies {unknown}
 l - 2 scrolls of teleportation {unknown}
 m - a scroll of fear {unknown}
 n - a scroll of enchant armour {unknown}
 o - a scroll of immolation {unknown}
 s - 2 scrolls of identify {unknown}
Potions
 d - 2 potions of might
 h - 2 potions of lignification {unknown}
 i - a potion of magic {unknown}
 k - a potion of curing {unknown}
 p - 2 potions of flight {unknown}
 q - 2 potions of ambrosia {unknown}
 r - a potion of heal wounds {unknown}


   Skills:
 + Level 3.4 Fighting
 + Level 3.2 Maces & Flails
 - Level 2.4 Dodging
 + Level 3.8 Shields


You had 4 spell levels left.
You didn't know any spells.
Your spell library contained the following spells:

 Spells                   Type           Power      Damage    Failure   Level
 Ensorcelled Hibernation  Hex/Ice        0%         N/A       90%         2
 Spider Form              Tmut/Pois      0%         N/A       99%         3
 Anguish                  Hex/Necr       0%         N/A       100%        4


Dungeon Overview and Level Annotations

Branches:
Dungeon (3/15)

Altars:


Innate Abilities, Weirdness & Mutations

You are too large for most types of armour.
You have claws for hands.
Your natural rate of healing is unusually fast.
You are covered in fur. (AC +1)
You have tough skin. (AC +1)


Message History

The orc priest is moderately wounded.
The orc hits you with a +0 dagger.
* * * LOW HITPOINT WARNING * * *
The orc priest invokes the aid of Beogh against you.
You barely resist. You block the orc's attack.
The orc priest completely misses you.
You hit the orc priest.
The orc priest is heavily wounded.
You block the orc's attack. You block the orc priest's attack.
You closely miss the orc priest.
The orc priest is heavily wounded.
The orc barely misses you.
The orc priest looks braver for a moment.
You hit the orc priest but do no damage.
The orc priest is heavily wounded.
The orc hits you with a +0 dagger.
* * * LOW HITPOINT WARNING * * *
The orc misses you. The orc priest hits you with a +0 mace.
* * * LOW HITPOINT WARNING * * *
You block the orc's attack.
You hit the orc priest but do no damage.
The orc priest is heavily wounded.
The orc hits you with a +0 dagger.
* * * LOW HITPOINT WARNING * * *
The orc priest closely misses you. The orc barely misses you.
You closely miss the orc priest.
The orc priest is moderately wounded.
The orc hits you with a +0 dagger.
* * * LOW HITPOINT WARNING * * *
The orc priest calls down the wrath of Beogh upon you.
You barely resist. The orc hits you with a +0 whip.
* * * LOW HITPOINT WARNING * * *
The orc hits you with a +0 dagger.
* * * LOW HITPOINT WARNING * * *
The orc priest looks satisfied for a moment.
You block the orc's attack.
You sock the orc priest!
The orc priest is almost dead.
The orc barely misses you. The orc priest hits you with a +0 mace.
You die...

#.......#.#.#### .
.........#.##..## ...
..........##....##.....
................g......
..............gg.......
.......).b##....##..... #
#+#....o#g##..##.#....
######..†...#o#o####.#.#...
............##)#@...#.# ..
...........#.##oo....##. .
.#######..#.#..........# .#
#..##............ .#
#.#......[....... .#
#.....).......... .#
#.........####### ######
##.#.###.......# ......
...#.# #.......#


You could see an orc priest, 2 orcs, a hobgoblin and a bat.

Vanquished Creatures
  A bullfrog (D:3)
  A gnoll bouda (D:3)
  3 gnolls (D:3)
  An adder (D:2)
  A worm (D:2)
  An orc (D:3)
  3 ball pythons
  4 endoplasms (D:2)
  4 giant cockroaches
  2 goblins (D:1)
  4 hobgoblins
  A quokka (D:3)
  A frilled lizard (D:2)
  4 kobolds
  3 rats
34 creatures vanquished.

Notes
Turn   | Place    | Note
-------+----------+-------------------------------------------
     0 | D:1      | siradein the Troll Fighter began the quest for the Orb.
     0 | D:1      | Reached XP level 1. HP: 22/22 MP: 0/0
   218 | D:1      | Reached XP level 2. HP: 29/29 MP: 1/1
   316 | D:1      | Found a faded altar of an unknown god.
  1087 | D:2      | Reached XP level 3. HP: 36/36 MP: 2/2
  1462 | D:3      | Noticed a bullfrog
  1470 | D:3      | Killed a bullfrog
  1471 | D:3      | Reached XP level 4. HP: 29/45 MP: 3/3
  1561 | D:3      | Reached XP level 5. HP: 20/53 MP: 4/4
  1575 | D:3      | HP: 1/53 [orc/+0 dagger (2)]
  1576 | D:3      | Slain by an orc priest

Illustrated notes

Levels and vault maps discovered:
D:1:      evilmike_arrival_plus, layout_basic, shapermc_ecumenical_altar_gd,
          minivault_11, serial_bayou_lagoon_b
D:2:      layout_loops_ring
D:3:      layout_basic, old_standard_altar, zin_scriptorium,
          minmay_misc_feat_secret_circle, minmay_box_of_dots

Skill      XL: |  1  2  3  4 |
---------------+-------------+-----
Maces & Flails | 2 3 |  3.2
Shields        | 3 |  3.8
Fighting       | 3 |  3.4
Dodging        | |  2.4

Action                   |  1- 3 |  4- 6 || total
-------------------------+-------+-------++-------
Melee: Flail             |    69 |    25 ||    94
Armor: Robe              |    26 |     4 ||    30
Dodge: Dodged            |    11 |    11 ||    22
Block: Kite shield       |    21 |    16 ||    37

Table legend: (Time is in decaauts)
 A = Elapsed time spent in this place.
 B = Non-inter-level travel time spent in this place.
 C = Inter-level travel time spent in this place.
 D = Time resting spent in this place.
 E = Time spent auto-exploring this place.
 F = Levels seen in this place.
 G = Mean time per level.
                   A        B        C        D        E       F      G
               +--------+--------+--------+--------+--------+-----+--------+
         Total |   1623 |   1582 |     41 |      3 |   1283 |   3 |  541.0 |
       Dungeon |   1623 |   1582 |     41 |      3 |   1283 |   3 |  541.0 |
               +--------+--------+--------+--------+--------+-----+--------+

Top non-repeatable levels by time:
     D:2: 702 daAuts
     D:1: 678 daAuts
     D:3: 241 daAuts
